 Dungeon Crawl Stone Soup version 0.20.1-1-g8b1a95d (webtiles) character file.

249 pstr the Conjurer (level 6, -4/28 HPs)
             Began as a Kobold Conjurer on Nov 11, 2017.
             Slain by a slave (6 damage)
             ... led by Pikel
             ... on level 4 of the Dungeon.
             The game lasted 00:14:11 (4995 turns).

pstr the Conjurer (Kobold Conjurer)                 Turns: 4995, Time: 00:14:12

Health: -4/28      AC:  7    Str: 10    XL:     6   Next: 35%
Magic:  8/11       EV: 13    Int: 23    God:
Gold:   130        SH:  0    Dex: 16    Spells: 9/12 levels left

rFire    + . .     SeeInvis .   j - +2 mace (drain)
rCold    . . .     Gourm    .   (shield restricted)
rNeg     . . .     Faith    .   m - +0 ring mail
rPois    .         Spirit   .   z - +0 helmet
rElec    .         Reflect  .   (no cloak)
rCorr    .         Harm     .   (no gloves)
MR       +....                  e - +0 pair of boots
Stlth    ++........             (no amulet)
Regen    0.1/turn               (no ring)
MPRegen  0.2/turn               (no ring)

@: mighty, brilliant, very slightly contaminated, invisible (expiring)
A: blurry vision 1, carnivore 3, fire resistance 1, frail 1, magic resistance 1
a: no special abilities


You were on level 4 of the Dungeon.
You were very full.

You visited 1 branch of the dungeon, and saw 4 of its levels.

You collected 130 gold pieces.

Inventory:

Hand Weapons
 d - a +0 club
 j - a +2 mace of draining (weapon)
 o - a +2 mace of protection
Missiles
 f - 123 stones (quivered)
Armour
 a - a +0 robe
 e - a +0 pair of boots (worn)
 m - a +0 ring mail (worn)
 u - a +0 animal skin
 z - a +0 helmet (worn)
Scrolls
 h - 3 scrolls of teleportation
 l - a scroll of identify
 n - 2 scrolls of noise {unknown}
 p - a scroll of blinking {unknown}
 t - a scroll of recharging {unknown}
 y - a scroll of remove curse {unknown}
Potions
 g - a potion of mutation
 i - a potion of might
 k - a potion of resistance {unknown}
 r - a potion of agility {unknown}
 s - a potion of cancellation {unknown}
 x - a potion of heal wounds {unknown}
Books
 b - a book of Conjurations

   Spells                             Type                      Level
   a - Magic Dart                     Conjuration                  1
   b - Searing Ray                    Conjuration                  2
   c - Dazzling Spray                 Conjuration/Hexes            3
   d - Fulminant Prism                Conjuration/Hexes            4
   e - Force Lance                    Conjuration/Translocation    4
   f - Iskenderun's Mystic Blast      Conjuration                  4
Comestibles
 c - 3 meat rations
 q - 2 royal jellies


   Skills:
 + Level 1.1 Maces & Flails
 + Level 1.4 Armour
 + Level 2.8 Dodging
 + Level 3.4 Stealth
 + Level 3.7 Spellcasting
 + Level 5.4 Conjurations


You had 9 spell levels left.
You knew the following spells:

 Your Spells              Type           Power        Failure   Level  Hunger
a - Magic Dart            Conj           ####         1%          1    None
b - Searing Ray           Conj           #####.       1%          2    #......


Dungeon Overview and Level Annotations

Branches:
Dungeon (4/15)
 Temple: D:4-7

Altars:
Cheibriados
Dithmenos
Nemelex Xobeh
Trog

Shops:
D:4 :!

Annotations:
D:4 Pikel; ThereIsNoGod's ghost, amateur TrFi


Innate Abilities, Weirdness & Mutations

You are small and have problems with some larger weapons.
You are carnivorous and can eat meat at any time.
Scrolls take you a little longer to read.
Your flesh is heat resistant. (rF+)
You are frail. (-10% HP)
You are resistant to hostile enchantments. (MR+)


Message History

A slave comes into view.
The slave shouts!
Pikel the Slaver comes into view.
He is wielding a whip of electrocution.
Pikel shouts!
A slave comes into view.
The slave shouts!
A slave comes into view.
The slave shouts!
Found a stone staircase leading down.
A slave comes into view.
You fade into invisibility!
You are very lightly contaminated with residual magic.
ThereIsNoGod's ghost (amateur Troll Fighter) comes into view.
Pikel says, "You'll fetch a fair price!"
Found a snail-covered altar of Cheibriados.
The slave barely misses you.
There is a stone staircase leading down here.
You flicker for a moment.
The slave hits you.
You die...

##.....##
#8.....8
#.....#
#8...8#
##..Kp.##
#8.....8#
##.Wpp.##
#8.p.8#
###@###
#####
##.## ..#
#.## #.
#. ..


You could see Pikel (wandering), 4 slaves and ThereIsNoGod's ghost.

Vanquished Creatures
  A hound (D:3)
  A centaur skeleton (D:3)
  An orc wizard (D:4)
  3 gnolls (D:3)
  4 adders
  An ooze (D:1)
  A worm (D:3)
  2 dart slugs (D:1)
  A leopard gecko (D:2)
  An orc (D:3)
  A ball python (D:2)
  2 giant cockroaches (D:3)
  17 goblins
  16 hobgoblins
  12 kobolds
  A quokka (D:3)
  6 bats
  5 frilled lizards
  6 rats
82 creatures vanquished.

Notes
Turn   | Place    | Note
-------+----------+-------------------------------------------
     0 | D:1      | pstr the Kobold Conjurer began the quest for the Orb.
     0 | D:1      | Reached XP level 1. HP: 10/10 MP: 3/3
   151 | D:1      | Reached XP level 2. HP: 15/15 MP: 3/5
   155 | D:1      | Learned a level 2 spell: Searing Ray
   701 | D:1      | Reached XP level 3. HP: 19/19 MP: 3/6
  1666 | D:2      | Reached XP level 4. HP: 24/24 MP: 6/8
  1912 | D:2      | Found a bloodstained altar of Trog.
  1916 | D:2      | Reached skill level 5 in Conjurations
  2241 | D:2      | Found a sparkling altar of Nemelex Xobeh.
  3157 | D:3      | Found a shadowy altar of Dithmenos.
  3268 | D:3      | Reached XP level 5. HP: 28/28 MP: 5/9
  4031 | D:3      | Reached skill level 1 in Maces & Flails
  4390 | D:3      | Reached XP level 6. HP: 32/32 MP: 8/11
  4456 | D:3      | Reached skill level 1 in Armour
  4936 | D:4      | Found Ilietes's Book Shop.
  4971 | D:4      | Found Echucze's Distillery.
  4977 | D:4      | Gained mutation: Scrolls take you a little longer to read. [potion of mutation]
  4977 | D:4      | Gained mutation: Your flesh is heat resistant. (rF+) [potion of mutation]
  4977 | D:4      | Gained mutation: You are frail. (-10% HP) [potion of mutation]
  4977 | D:4      | Gained mutation: You are resistant to hostile enchantments. (MR+) [potion of mutation]
  4982 | D:4      | HP: 1/28 [orc priest/trident (6)]
  4986 | D:4      | Noticed a slave
  4986 | D:4      | Noticed Pikel
  4986 | D:4      | Noticed a slave
  4986 | D:4      | Noticed a slave
  4987 | D:4      | Noticed a slave
  4988 | D:4      | Noticed ThereIsNoGod's ghost (amateur TrFi)
  4989 | D:4      | Found a snail-covered altar of Cheibriados.
  4995 | D:4      | Slain by a slave

Skill      XL: |  1  2  3  4  5  6 |
---------------+-------------------+-----
Conjurations   | 5 |  5.4
Spellcasting   | 3 |  3.7
Stealth        | 3 |  3.4
Maces & Flails | 1 |  1.1
Armour         | 1 |  1.4
Dodging        | |  2.8

Action                   |  1- 3 |  4- 6 || total
-------------------------+-------+-------++-------
Melee: Mace              |     5 |    18 ||    23
 Cast: Magic Dart        |    20 |    18 ||    38
       Searing Ray       |    27 |    39 ||    66
  Use: Scroll            |     1 |     3 ||     4
       Potion            |       |     6 ||     6
  Eat: Chunk             |    12 |    12 ||    24
Armor: Robe              |     2 |       ||     2
       Ring mail         |     1 |    17 ||    18
Dodge: Dodged            |     7 |    68 ||    75
